3A
GRAND FORKS CATERPILLARS @ MYRTLE BEACH SEAHAWKS
08/22/2024
 
TOP OF THE 1ST
Grand Forks Caterpillars batting - Pitching for Myrtle Beach Seahawks : RHP Sam Mooney
Pitching: RHP Sam Mooney
Batting: RHB Arnold Meurs 0-0: Called Strike
0-1: Bunt missed!
0-2: Foul Ball, location: 2F
0-2: Ball
1-2: Foul Ball, location: 2F
1-2: Ball
2-2: Foul Ball, location: 2F
2-2: Strikes out looking
Batting: LHB Todd Stafford 0-0: Ball
1-0: Foul Ball, location: 2F
1-1: Swinging Strike
1-2: Ground out 4-3 (Groundball, 34)
Batting: LHB Víctor Fortis 0-0: Called Strike
0-1: Ball
1-1: Foul Ball, location: 2F
1-2: Strikes out looking
Top of the 1st over - 0 run(s), 0 hit(s), 0 error(s), 0 left on base; Grand Forks 0 - Myrtle Beach 0
BOTTOM OF THE 1ST
Myrtle Beach Seahawks batting - Pitching for Grand Forks Caterpillars : RHP Brandon Hynes
Pitching: RHP Brandon Hynes
Batting: RHB Thom Beach 0-0: Ball
1-0: Called Strike
1-1: Ground out U3 (Groundball, 3S)
Batting: RHB César Villarreal 0-0: Foul Ball, location: 2F
0-1: Ball
1-1: Swinging Strike
1-2: Foul Ball, location: 2F
1-2: Ground out 4-3 (Groundball, 4)
Batting: RHB Rodney Dudley 0-0: Ball
1-0: Ball
2-0: Foul Ball, location: 2F
2-1: Foul Ball, location: 2F
2-2: Ball
3-2: Base on Balls
Batting: RHB León Sánchez 0-0: Ball
1-0: Ball
2-0: Fly out, F7 (Flyball, 78M)
Bottom of the 1st over - 0 run(s), 0 hit(s), 0 error(s), 1 left on base; Grand Forks 0 - Myrtle Beach 0
TOP OF THE 2ND
Grand Forks Caterpillars batting - Pitching for Myrtle Beach Seahawks : RHP Sam Mooney
Batting: RHB Fokke Willemsen 0-0: Ball
1-0: Ball
2-0: Foul Ball, location: 2F
2-1: Called Strike
2-2: Ball
3-2: Base on Balls
Batting: RHB José Pérez 0-0: Ball
1-0: Ball
2-0: Grounds into double play, 6-4-3 (Groundball, 6)
Batting: RHB Nathan Landrum 0-0: Called Strike
0-1: Foul Ball, location: 2F
0-2: Foul Ball, location: 2F
0-2: Ball
1-2: Strikes out swinging
Top of the 2nd over - 0 run(s), 0 hit(s), 0 error(s), 0 left on base; Grand Forks 0 - Myrtle Beach 0
BOTTOM OF THE 2ND
Myrtle Beach Seahawks batting - Pitching for Grand Forks Caterpillars : RHP Brandon Hynes
Batting: LHB Tae-sang Han 0-0: Ball
1-0: Foul Ball, location: 2F
1-1: Ball
2-1: Ground out 6-3 (Groundball, 6M)
Batting: LHB Ramón Castro 0-0: Ground out 4-3 (Groundball, 4MD)
Batting: RHB Jorge Flores 0-0: Swinging Strike
0-1: Called Strike
0-2: Foul Ball, location: 2F
0-2: Ball
1-2: Ball
2-2: SINGLE (Flyball, 8LS)
Batting: RHB Manuel Rodríguez 0-0: Called Strike
0-1: Called Strike
0-2: Ball
1-2: DOUBLE (Line Drive, 78M)
Jorge Flores to third
Runner from 3rd tries for Home, SAFE, throw made home
Batting: LHB Ismael Martínez 0-0: Swinging Strike
0-1: Ball
1-1: Foul Ball, location: 2F
1-2: SINGLE (Line Drive, 89S)
Manuel Rodríguez to third
Throwing error, E9
Manuel Rodríguez scores
Ismael Martínez to second
Batting: RHB Thom Beach 0-0: Ball
1-0: SINGLE (Popup, 4MD)
Ismael Martínez to third
Runner from 3rd tries for Home, SAFE, no throw or cutoff
Batting: RHB César Villarreal 0-0: Swinging Strike
0-1: Foul Ball, location: 2F
0-2: Foul Ball, location: 2F
0-2: Foul Ball, location: 2F
0-2: Ball
1-2: Foul Ball, location: 2F
1-2: Ball
2-2: Strikes out swinging
Bottom of the 2nd over - 3 run(s), 4 hit(s), 1 error(s), 1 left on base; Grand Forks 0 - Myrtle Beach 3
TOP OF THE 3RD
Grand Forks Caterpillars batting - Pitching for Myrtle Beach Seahawks : RHP Sam Mooney
Batting: RHB Jorge Velázquez 0-0: Ball
1-0: Ball
2-0: Called Strike
2-1: Ground out 4-3 (Groundball, 13)
Batting: RHB Warner Lewis 0-0: Swinging Strike
0-1: Ball
1-1: Ball
2-1: Ball
3-1: Foul Ball, location: 2F
3-2: Strikes out swinging, 2-3 out at first.
Batting: RHB Carlos Romero 0-0: Ball
1-0: Called Strike
1-1: Foul Ball, location: 2F
1-2: Ball
2-2: Ball
3-2: Strikes out looking
Top of the 3rd over - 0 run(s), 0 hit(s), 0 error(s), 0 left on base; Grand Forks 0 - Myrtle Beach 3
BOTTOM OF THE 3RD
Myrtle Beach Seahawks batting - Pitching for Grand Forks Caterpillars : RHP Brandon Hynes
Batting: RHB Rodney Dudley 0-0: Called Strike
0-1: Ball
1-1: Ball
2-1: Ground out 6-3 (Groundball, 6)
Batting: RHB León Sánchez 0-0: Called Strike
0-1: Ground out U3 (Groundball, 3S)
Batting: LHB Tae-sang Han 0-0: Ball
1-0: Ground out 5-3 (Groundball, 56S)
Bottom of the 3rd over - 0 run(s), 0 hit(s), 0 error(s), 0 left on base; Grand Forks 0 - Myrtle Beach 3
TOP OF THE 4TH
Grand Forks Caterpillars batting - Pitching for Myrtle Beach Seahawks : RHP Sam Mooney
Batting: RHB Arnold Meurs 0-0: Called Strike
0-1: Called Strike
0-2: Strikes out swinging
Batting: LHB Todd Stafford 0-0: Swinging Strike
0-1: Ground out 4-3 (Groundball, 4)
Batting: LHB Víctor Fortis 0-0: Ground out 1-3 (Groundball, 13)
Top of the 4th over - 0 run(s), 0 hit(s), 0 error(s), 0 left on base; Grand Forks 0 - Myrtle Beach 3
BOTTOM OF THE 4TH
Myrtle Beach Seahawks batting - Pitching for Grand Forks Caterpillars : RHP Brandon Hynes
Batting: LHB Ramón Castro 0-0: Ball
1-0: Called Strike
1-1: Ball
2-1: Foul Ball, location: 2F
2-2: Ball
3-2: Foul Ball, location: 2F
3-2: Foul Ball, location: 2F
3-2: Base on Balls
Batting: RHB Jorge Flores 0-0: Called Strike
0-1: Ball
Wild Pitch!
Ramón Castro to second
1-1: Ball
2-1: Ball
3-1: Foul Ball, location: 2F
3-2: DOUBLE (Flyball, 9LS)
Ramón Castro scores
Batting: RHB Manuel Rodríguez 0-0: Ball
1-0: SINGLE (Groundball, 4MD)
Jorge Flores to third
Runner from 3rd tries for Home, throw and OUT!
Pitching: RHP Jesús Díaz
Batting: LHB Ismael Martínez 0-0: Ball
1-0: Ball
2-0: Ball
3-0: Base on Balls
Manuel Rodríguez to second
Batting: RHB Thom Beach 0-0: Ball
1-0: Ball
2-0: Called Strike
2-1: Fly out, F8 (Flyball, 8RM)
Batting: RHB César Villarreal 0-0: Called Strike
0-1: Hit by Pitch
Manuel Rodríguez to third
Ismael Martínez to second
Batting: RHB Rodney Dudley 0-0: Called Strike
0-1: Called Strike
0-2: Fly out, F4 (Popup, 6MD)
Bottom of the 4th over - 1 run(s), 2 hit(s), 0 error(s), 3 left on base; Grand Forks 0 - Myrtle Beach 4
TOP OF THE 5TH
Grand Forks Caterpillars batting - Pitching for Myrtle Beach Seahawks : RHP Sam Mooney
Batting: RHB Fokke Willemsen 0-0: Ball
1-0: Foul Ball, location: 2F
1-1: Ground out 5-3 (Groundball, 56)
Batting: RHB José Pérez 0-0: Swinging Strike
0-1: Ball
1-1: Swinging Strike
1-2: Ball
2-2: Foul Ball, location: 2F
2-2: Strikes out swinging
Batting: RHB Nathan Landrum 0-0: Ball
1-0: Ball
2-0: Called Strike
2-1: SINGLE (Groundball, 56D)
Batting: RHB Jorge Velázquez 0-0: Ball
1-0: Foul Ball, location: 2F
1-1: Foul Ball, location: 2F
1-2: Fly out, F2 (Popup, 25)
Top of the 5th over - 0 run(s), 1 hit(s), 0 error(s), 1 left on base; Grand Forks 0 - Myrtle Beach 4
BOTTOM OF THE 5TH
Myrtle Beach Seahawks batting - Pitching for Grand Forks Caterpillars : RHP Jesús Díaz
Batting: RHB León Sánchez 0-0: Ball
1-0: Called Strike
1-1: Ball
2-1: Foul Ball, location: 2F
2-2: Ball
3-2: Base on Balls
Batting: LHB Tae-sang Han 0-0: Fly out, F4 (Popup, 3D)
Batting: LHB Ramón Castro 0-0: Ball
León Sánchez is caught stealing 2nd base
1-0: Ball
2-0: Ball
3-0: Called Strike
3-1: Called Strike
3-2: Ground out 3-6 (Groundball, 3)
Bottom of the 5th over - 0 run(s), 0 hit(s), 0 error(s), 0 left on base; Grand Forks 0 - Myrtle Beach 4
TOP OF THE 6TH
Grand Forks Caterpillars batting - Pitching for Myrtle Beach Seahawks : RHP Sam Mooney
Batting: RHB Warner Lewis 0-0: Swinging Strike
0-1: Ground out 3-1 (Groundball, 3)
Batting: RHB Carlos Romero 0-0: Swinging Strike
0-1: Swinging Strike
0-2: Strikes out looking
Batting: RHB Arnold Meurs 0-0: Called Strike
0-1: Ball
1-1: Fly out, F7 (Line Drive, 7M)
Top of the 6th over - 0 run(s), 0 hit(s), 0 error(s), 0 left on base; Grand Forks 0 - Myrtle Beach 4
BOTTOM OF THE 6TH
Myrtle Beach Seahawks batting - Pitching for Grand Forks Caterpillars : RHP Jesús Díaz
Batting: RHB Jorge Flores 0-0: Called Strike
0-1: Ball
1-1: Ball
2-1: Ball
3-1: Swinging Strike
3-2: Strikes out looking
Batting: RHB Manuel Rodríguez 0-0: Ball
1-0: Ball
2-0: DOUBLE (Flyball, 78M)
Batting: LHB Ismael Martínez 0-0: Foul Ball, location: 2F
0-1: Foul Ball, location: 2F
0-2: Ball
1-2: Strikes out swinging
Batting: RHB Thom Beach 0-0: Called Strike
0-1: DOUBLE (Line Drive, 8LM)
Manuel Rodríguez scores
Batting: RHB César Villarreal 0-0: Called Strike
0-1: Swinging Strike
0-2: SINGLE (Groundball, 6MD)
Thom Beach to third
Runner from 3rd tries for Home, SAFE, no throw or cutoff
Pitching: LHP Carl Buckley
Batting: RHB Rodney Dudley 0-0: Called Strike
0-1: Ball
1-1: Fly out, F2 (Popup, 2LF)
Bottom of the 6th over - 2 run(s), 3 hit(s), 0 error(s), 1 left on base; Grand Forks 0 - Myrtle Beach 6
TOP OF THE 7TH
Grand Forks Caterpillars batting - Pitching for Myrtle Beach Seahawks : RHP Sam Mooney
Batting: LHB Todd Stafford 0-0: Called Strike
0-1: Swinging Strike
0-2: Strikes out looking
Pitching: RHP Germán Romo
Batting: LHB Víctor Fortis 0-0: Ball
1-0: Ball
2-0: Called Strike
2-1: SINGLE (Groundball, 4M)
Batting: RHB Fokke Willemsen 0-0: Ball
1-0: Ball
2-0: Foul Ball, location: 2F
2-1: Ball
3-1: Base on Balls
Víctor Fortis to second
Batting: RHB José Pérez 0-0: Called Strike
0-1: Ball
1-1: Called Strike
1-2: Strikes out swinging
Batting: RHB Nathan Landrum 0-0: Ball
1-0: Ball
2-0: Called Strike
2-1: Foul Ball, location: 2F
2-2: Foul Ball, location: 2F
2-2: Ball
3-2: Base on Balls
Víctor Fortis to third
Fokke Willemsen to second
Batting: RHB Jorge Velázquez 0-0: Called Strike
0-1: Ball
1-1: Ball
2-1: Called Strike
2-2: Strikes out looking
Top of the 7th over - 0 run(s), 1 hit(s), 0 error(s), 3 left on base; Grand Forks 0 - Myrtle Beach 6
BOTTOM OF THE 7TH
Myrtle Beach Seahawks batting - Pitching for Grand Forks Caterpillars : LHP Carl Buckley
Batting: RHB León Sánchez 0-0: Ground out 5-3 (Groundball, 56)
Batting: LHB Tae-sang Han 0-0: Foul Ball, location: 2F
0-1: Swinging Strike
0-2: Ball
1-2: Strikes out swinging
Batting: LHB Ramón Castro 0-0: Swinging Strike
0-1: Ball
1-1: Called Strike
1-2: Foul Ball, location: 2F
1-2: Strikes out swinging
Bottom of the 7th over - 0 run(s), 0 hit(s), 0 error(s), 0 left on base; Grand Forks 0 - Myrtle Beach 6
TOP OF THE 8TH
Grand Forks Caterpillars batting - Pitching for Myrtle Beach Seahawks : RHP Germán Romo
Batting: RHB Warner Lewis 0-0: Ball
1-0: Ball
2-0: Called Strike
2-1: Ball
3-1: Foul Ball, location: 2F
3-2: Foul Ball, location: 2F
3-2: Base on Balls
Batting: RHB Carlos Romero 0-0: Called Strike
0-1: Swinging Strike
0-2: Ball
1-2: Foul Ball, location: 2F
1-2: Fielders Choice at 2nd, 4-6 (Groundball, 4)
Batting: RHB Arnold Meurs 0-0: Ball
1-0: Foul Ball, location: 2F
1-1: Called Strike
1-2: Ball
2-2: Strikes out swinging
Batting: LHB Todd Stafford 0-0: Fly out, F7 (Flyball, 78M)
Top of the 8th over - 0 run(s), 0 hit(s), 0 error(s), 1 left on base; Grand Forks 0 - Myrtle Beach 6
BOTTOM OF THE 8TH
Myrtle Beach Seahawks batting - Pitching for Grand Forks Caterpillars : LHP Carl Buckley
Pitching: LHP José Duarte
Batting: RHB Jorge Flores 0-0: Swinging Strike
0-1: Swinging Strike
0-2: Strikes out looking
Batting: RHB Manuel Rodríguez 0-0: Called Strike
0-1: Ground out 5-3 (Groundball, 5)
Batting: LHB Ismael Martínez 0-0: Ball
1-0: Ball
2-0: Called Strike
2-1: Fly out, F8 (Flyball, 8RM)
Bottom of the 8th over - 0 run(s), 0 hit(s), 0 error(s), 0 left on base; Grand Forks 0 - Myrtle Beach 6
TOP OF THE 9TH
Grand Forks Caterpillars batting - Pitching for Myrtle Beach Seahawks : RHP Germán Romo
Batting: LHB Víctor Fortis 0-0: Fly out, F8 (Flyball, 78XD)
Batting: RHB Fokke Willemsen 0-0: Ball
1-0: Reached on error, E5 (Groundball, 56)
Batting: RHB José Pérez 0-0: Called Strike
0-1: Ball
1-1: Ball
2-1: Foul Ball, location: 2F
2-2: Foul Ball, location: 2F
2-2: Foul Ball, location: 2F
2-2: Ball
3-2: Foul Ball, location: 2F
3-2: Foul Ball, location: 2F
3-2: Foul Ball, location: 2F
3-2: Strikes out swinging
Batting: RHB Nathan Landrum 0-0: Swinging Strike
0-1: Ball
1-1: Foul Ball, location: 2F
1-2: Foul Ball, location: 2F
1-2: Strikes out looking
Top of the 9th over - 0 run(s), 0 hit(s), 1 error(s), 1 left on base; Grand Forks 0 - Myrtle Beach 6
This league is powered by Out of the Park Baseball, the baseball management simulation game for PC, Mac and Linux
Monday, October 3rd, 2016 - OOTP Baseball 16.9 Build 39